 Dungeon Crawl Stone Soup version 0.20.1-1-g8b1a95d66d (webtiles) character file.

108 Ivernyr the Insei (level 4, -2/28 HPs)
             Began as an Octopode Transmuter on Dec 5, 2017.
             Slain by an orc
             ... wielding a +0 war axe
              (9 damage)
             ... on level 3 of the Dungeon.
             The game lasted 00:08:16 (2947 turns).

Ivernyr the Insei (Octopode Transmuter)             Turns: 2947, Time: 00:08:16

Health: -2/28      AC:  2    Str:  9    XL:     4   Next: 87%
Magic:  2/7        EV: 21    Int: 16    God:
Gold:   91         SH:  0    Dex: 17    Spells: 1/7 levels left

rFire    . . .     SeeInvis .     - Unarmed
rCold    . . .     Gourm    .   (shield currently unavailable)
rNeg     . . .     Faith    .   (helmet currently unavailable)
rPois    .         Spirit   .   (no amulet)
rElec    .         Reflect  .   t - ring of poison resistance
rCorr    .         Harm     .   (no ring)
MR       .....                  (no ring)
Stlth    ++........             (no ring)
Regen    0.1/turn               (no ring)
MPRegen  0.1/turn               (no ring)
                                (no ring)
                                (no ring)

@: spider-form (expiring), very slightly contaminated
A: almost no armour, stealthy swim, (amphibious), 8 rings, (constrict 8)
a: End Transformation


You were on level 3 of the Dungeon.
You were not hungry.
You were a venomous arachnid creature.
You visited 1 branch of the dungeon, and saw 4 of its levels.

You collected 91 gold pieces.

Inventory:

Missiles
 a - 76 arrows
Jewellery
 t - a ring of poison resistance (left front leg)
Scrolls
 d - a scroll of noise {unknown}
 h - 3 scrolls of identify {unknown}
 l - 2 scrolls of teleportation {unknown}
 m - a scroll of magic mapping {unknown}
 q - 2 scrolls of blinking {unknown}
 r - a scroll of amnesia {unknown}
 u - a scroll of remove curse {unknown}
 v - a scroll of enchant weapon {unknown}
Potions
 e - a potion of ambrosia {unknown}
 f - a potion of might {unknown}
 g - 3 potions of curing {unknown}
 i - 2 potions of mutation {unknown}
 k - 2 potions of invisibility {unknown}
 n - 2 potions of agility {unknown}
 s - a potion of brilliance {unknown}
 w - a potion of degeneration {unknown}
Books
 b - a book of Changes

   Spells                             Type                      Level
   a - Beastly Appendage              Transmutation                1
   b - Sticks to Snakes               Transmutation                2
   c - Spider Form                    Transmutation/Poison         3
   d - Ice Form                       Ice/Transmutation            4
   e - Blade Hands                    Transmutation                5
Comestibles
 c - 4 bread rations
 j - 3 fruits
 o - a royal jelly
 p - 2 meat rations


   Skills:
 - Level 1.0 Fighting
 + Level 2.9 Dodging
 + Level 3.8 Unarmed Combat
 - Level 2.0 Spellcasting
 * Level 3.6 Transmutations


You had one spell level left.
You knew the following spells:

 Your Spells              Type           Power        Failure   Level  Hunger
a - Beastly Appendage     Tmut           ##....       14%         1    #......
b - Sticks to Snakes      Tmut           ##......     19%         2    ###....
c - Spider Form           Tmut/Pois      #.........   52%         3    ###....


Dungeon Overview and Level Annotations

Branches:
Dungeon (4/15)
 Temple: D:4-7

Altars:
Elyvilon
Kikubaaqudgha
Nemelex Xobeh


Innate Abilities, Weirdness & Mutations

You cannot wear most types of armour.
You are very stealthy in the water. (Stealth+)
((You are amphibious.))
You can wear up to eight rings at the same time.
((You can use your tentacles to constrict eight enemies at once.))
((Your skin changes colour to match your surroundings (Stealth+).))
((Your rubbery body absorbs attacks. (AC +1, EV +1)))


Message History

The orc shouts!
Casting: Spider Form
Confirm with . or Enter, or press ? or * to list all spells.
You turn into a venomous arachnid creature.
The orc hits you with a flail.
Found a stone staircase leading down.
You hit the orc but do no damage.
There is a stone staircase leading up here.
The orc hits you with a war axe!
You climb upwards.
There is a stone staircase leading down here.
You hit the orc but do no damage. The orc closely misses you.
The orc completely misses you.
You hit the orc.
The orc is poisoned.
The orc is moderately wounded.
Your transformation is almost over.
The orc closely misses you. The orc misses you. The orc hits you with a flail!
* * * LOW HITPOINT WARNING * * *
The orc hits you with a war axe!
You die...

# ######## ###
##......## ..##
##........##
#..#####..........#
##........(....o..#
######.(.<....o..#
##...(...o..#
########........s.#
.............(.(.##
.##......†.......##
.....<............#
....#.............#
...##............)#
..................#
..................#
.................##


You could see 3 orcs.

Vanquished Creatures
  3 adders (D:2)
  An ooze (D:2)
  A worm (D:2)
  2 dart slugs
  5 leopard geckos
  2 ball pythons (D:1)
  6 bats
  3 bat zombies (D:2)
  2 giant cockroaches
  6 goblins
  7 hobgoblins
  3 jackals (D:1)
  A quokka (D:2)
  A frilled lizard (D:3)
  10 kobolds
  8 rats
  2 rat zombies (D:2)
63 creatures vanquished.

Notes
Turn   | Place    | Note
-------+----------+-------------------------------------------
     0 | D:1      | Ivernyr the Octopode Transmuter began the quest for the Orb.
     0 | D:1      | Reached XP level 1. HP: 13/13 MP: 3/3
   316 | D:1      | Reached XP level 2. HP: 6/18 MP: 5/5
   711 | D:1      | Learned a level 2 spell: Sticks to Snakes
   953 | D:1      | Reached XP level 3. HP: 12/23 MP: 4/6
  1379 | D:1      | Learned a level 3 spell: Spider Form
  1731 | D:2      | Found an ancient bone altar of Kikubaaqudgha.
  1793 | D:2      | Found a faded altar of an unknown god.
  1882 | D:2      | Reached XP level 4. HP: 21/28 MP: 7/7
  2739 | D:3      | Found a white marble altar of Elyvilon.
  2847 | D:3      | Found a sparkling altar of Nemelex Xobeh.
  2947 | D:3      | Slain by an orc

Skill      XL: |  1  2  3 |
---------------+----------+-----
Transmutations | 3 |  3.6
Fighting       | |  1.0
Dodging        | |  2.9
Unarmed Combat | |  3.8
Spellcasting   | |  2.0

Action                   |  1- 3 |  4- 6 || total
-------------------------+-------+-------++-------
Melee: Unarmed           |    96 |    48 ||   144
       Constrict         |    26 |    11 ||    37
       Kick              |     6 |     1 ||     7
       Tentacles         |    14 |     6 ||    20
       Punch             |     2 |       ||     2
 Cast: Beastly Appendage |     4 |     1 ||     5
       Spider Form       |     1 |     2 ||     3
 Stab: Sleeping          |     7 |     3 ||    10
       Distracted        |     1 |       ||     1
  Eat: Chunk             |     3 |     4 ||     7
Armor: Skin              |    13 |     3 ||    16
Dodge: Dodged            |    53 |    35 ||    88
